 Dungeon Crawl Stone Soup version 0.28.0-49-g6dfe1f597d (webtiles) character file.

Game seed: 10276996679625037573

283 Zeld the Digger (level 6, -2/36 HPs)
             Began as a Gargoyle Earth Elementalist on May 16, 2022.
             Killed themself with a badly aimed iceblast (13 damage)
             ... on level 4 of the Dungeon.
             The game lasted 00:07:40 (4144 turns).

Zeld the Digger (Gargoyle Earth Elementalist)       Turns: 4144, Time: 00:07:41

Health: -2/36      AC:  8    Str: 11    XL:     6   Next: 28%
Magic:  1/10       EV: 12    Int: 18    God:
Gold:   41         SH:  0    Dex: 10    Spells: 5/11 levels left

rFire   . . .      SeeInvis .   (no weapon)
rCold   . . .      Faith    .   (no shield)
rNeg    + . .      Spirit   .   b - +0 robe
rPois   ∞          Reflect  .   (no helmet)
rElec   +          Harm     .   (no cloak)
rCorr   .          Rampage  .   d - +0 pair of gloves
Will    .....                   h - +0 pair of boots
Stlth   ++........              (no amulet)
HPRegen 0.12/turn               (no ring)
MPRegen 0.12/turn               (no ring)

@: no status effects
A: sickness immunity, AC +4, negative energy resistance 1, electricity
resistance, torment resistance 1, petrification resistance
a: no special abilities


You were on level 4 of the Dungeon.
You visited 1 branch of the dungeon, and saw 4 of its levels.

You collected 85 gold pieces.
You spent 44 gold pieces at shops.

Inventory:

Armour
 b - a +0 robe (worn)
 d - a +0 pair of gloves (worn)
 h - a +0 pair of boots (worn)
Jewellery
 n - a ring of flight
Wands
 g - a wand of iceblast (7)
 k - a wand of digging (2)
Scrolls
 a - 2 scrolls of immolation {unknown}
 e - a scroll of blinking {unknown}
 f - 5 scrolls of identify
 j - a scroll of vulnerability {unknown}
Potions
 i - a potion of mutation {unknown}
 l - 2 potions of heal wounds {unknown}
 m - a potion of might {unknown}


   Skills:
 * Level 2.8 Fighting
 * Level 2.4 Armour
 + Level 2.2 Dodging
 + Level 3.2 Stealth
 * Level 3.0 Spellcasting
 - Level 1.0 Transmutations
 * Level 4.8 Earth Magic


You had 5 spell levels left.
You knew the following spells:

 Your Spells              Type           Power      Damage    Failure   Level
a - Sandblast             Erth           40%        2d10      2%          1
b - Passwall              Tmut/Erth      10%        N/A       8%          2
c - Stone Arrow           Conj/Erth      22%        3d8       19%         3

Your spell library contained the following spells:

 Spells                   Type           Power      Damage    Failure   Level
 Blink                    Tloc           4%         N/A       24%         2
 Lesser Beckoning         Tloc           2%         N/A       43%         3
 Tukima's Dance           Hex            2%         N/A       43%         3
 Petrify                  Tmut/Erth      13%        N/A       43%         4
 Anguish                  Hex/Necr       1%         N/A       85%         4
 Fulminant Prism          Conj/Hex       1%         3d6       85%         4
 Manifold Assault         Tloc           2%         N/A       99%         5
 Enfeeble                 Hex            1%         N/A       100%        7
 Monstrous Menagerie      Summ           1%         N/A       100%        7
 Summon Horrible Things   Summ           1%         N/A       100%        8


Dungeon Overview and Level Annotations

Branches:
Dungeon (4/15)
 Temple: D:4-7

Altars:
Elyvilon

Shops:
D:2 =[?:

Annotations:
D:3 Sigmund


Innate Abilities, Weirdness & Mutations

You are immune to sickness and miasma.
Your stone body is resilient. (AC +4)
You are immune to poison.
You resist negative energy. (rN+)
You are resistant to electric shocks. (rElec)
You are resistant to unholy torment.
You are immune to petrification.


Message History

Casting: Sandblast (safe; 2% risk of failure)
Confirm with . or Enter, or press ? or * to list all spells.
You don't have any stones to cast with.
Unknown command.
Unknown command.
Casting: Sandblast (safe; 2% risk of failure)
Confirm with . or Enter, or press ? or * to list all spells.
You don't have any stones to cast with.
Casting: Sandblast (safe; 2% risk of failure)
Confirm with . or Enter, or press ? or * to list all spells.
You don't have any stones to cast with.
You hit the black bear.
The black bear is almost dead.
The black bear bites you but does no damage.
The black bear claws you but does no damage. x2
The black bear bites you. The black bear claws you.
The black bear closely misses you.
Unknown command.
You hit the black bear.
The black bear is almost dead.
The black bear closely misses you. x2; The black bear barely misses you.
You barely miss the black bear.
The black bear is almost dead.
The black bear bites you!
The black bear claws you but does no damage.
The black bear claws you. The black bear bites you.
The black bear closely misses you. The black bear barely misses you.
Okay, then.
The black bear rages.
The black bear rages.
The black bear bites you but does no damage.
The black bear closely misses you. The black bear barely misses you.
Aiming: Iceblast
Press: ? - help, Shift-Dir - straight line, f/p - black bear
Aim: a black bear (almost dead, berserk) That beam is likely to hit you.
Continue anyway?
The mass of ice explodes!
The iceblast engulfs the black bear!
You kill the black bear!
The iceblast engulfs you!
You die...

#############
#.|.........#
#.#########.#
#.# #.# . #.#
#.#
....########.#
#.###
#?.....†@...#
#....
#############
##### #####
#...# #.#.####
#.#.#...
#.#.#)##
##.#.#.#
#...<#.#


There were no monsters in sight!

Vanquished Creatures
  A black bear (D:4)
  A bullfrog (D:3)
  An iguana (D:3)
  Ijyb (D:2)
  Terence (D:2)
  4 gnolls (D:3)
  3 adders
  A dart slug (D:3)
  3 orcs
  5 bats
  6 endoplasms
  A giant cockroach (D:1)
  6 hobgoblins
  3 jackals (D:3)
  3 quokkas (D:2)
  9 ball pythons
  4 frilled lizards
  7 goblins
  10 kobolds
  6 rats
76 creatures vanquished.

Notes
Turn   | Place    | Note
-------+----------+-------------------------------------------
     0 | D:1      | Zeld the Gargoyle Earth Elementalist began the quest for
                  | the Orb.
     0 | D:1      | Reached XP level 1. HP: 10/10 MP: 3/3
   340 | D:1      | Reached XP level 2. HP: 16/16 MP: 3/5
   343 | D:1      | Learned a level 2 spell: Passwall
   566 | D:1      | Reached skill level 1 in Fighting
  1094 | D:1      | Reached skill level 1 in Transmutations
  1094 | D:1      | Reached XP level 3. HP: 20/20 MP: 4/6
  1098 | D:1      | Learned a level 3 spell: Stone Arrow
  1313 | D:2      | Noticed Terence
  1322 | D:2      | Found a faded altar of an unknown god.
  1474 | D:2      | Killed Terence
  1475 | D:2      | Reached skill level 1 in Armour
  1475 | D:2      | Reached skill level 4 in Earth Magic
  1528 | D:2      | Reached XP level 4. HP: 17/26 MP: 1/7
  1534 | D:2      | Found Ogef's Magic Scroll Shop.
  1639 | D:2      | Bought a scroll of identify for 22 gold pieces
  1669 | D:2      | Found Sikh's Book Shoppe.
  1771 | D:2      | You fall into a shaft and drop 1 floor!
  1936 | D:3      | Noticed a bullfrog
  2173 | D:3      | Killed a bullfrog
  2174 | D:3      | Reached XP level 5. HP: 31/31 MP: 4/9
  2333 | D:2      | Found Weanaivyhi's Jewellery Boutique.
  2364 | D:2      | Got the Incunabulum of Sophism
  2889 | D:2      | Found Daven's Armour Emporium.
  2999 | D:2      | Bought a scroll of identify for 22 gold pieces
  3063 | D:3      | Noticed Sigmund
  3086 | D:3      | Found a white marble altar of Elyvilon.
  3243 | D:3      | Noticed Ijyb
  3314 | D:2      | Killed Ijyb
  3315 | D:2      | Reached XP level 6. HP: 11/36 MP: 0/10
  4125 | D:4      | Noticed a black bear
  4144 | D:4      | Killed a black bear
  4144 | D:4      | Killed themself with a badly aimed iceblast

Illustrated notes

Levels and vault maps discovered:
D:1:      sevenhm_arrival_forest_fort_small_6, layout_basic, minmay_3d_cube
D:2:      layout_basic, serial_shops, shop, shop_fountains, nicolae_shop_stone,
          shop, dreamdust_ecumenical_altar_angels_and_demons, uniq_terence
D:3:      layout_basic, overflow_temple_1_default, dk_vineyard_2,
          interstate_on_off, uniq_sigmund, uniq_ijyb
D:4:      layout_basic, uniq_eustachio

Skill      XL: |  1  2  3  4  5  6 |
---------------+-------------------+-----
Fighting       | 1 2 |  2.8
Transmutations | 1 |  1.0
Armour         | 1 2 |  2.4
Earth Magic    | 4 |  4.8
Dodging        | 2 |  2.2
Stealth        | 3 |  3.2
Spellcasting   | 3 |  3.0

Action                   |  1- 3 |  4- 6 || total
-------------------------+-------+-------++-------
Melee: Unarmed           |     7 |    47 ||    54
       Dagger            |       |     2 ||     2
 Cast: Sandblast         |    49 |    83 ||   132
Armor: Robe              |     9 |    40 ||    49
Dodge: Dodged            |    26 |    66 ||    92
